AoeStats
← arthur

Hideout

503212642Analyzed
2v2 RM · 1mo ago on Aug 30, 2026· 36m 22s· 4 players
Game mode
Random Map
Map size
Medium (4 player)
Population
200
Speed
Normal
Resources
Standard
Victory
Conquest
Starting age
Dark Age
Ending age
Imperial Age
RankedLock teamsTeams togetherTeam positionsShared explorationLock speedFull tech treeHidden civsTurbo modeCheats
Victory
Defeat
🇵🇦 Persians · Panama
1358
+17
🇫🇷 Saracens · France
1333
+18
🇹🇷 Turks · Türkiye
1388
-18
🇹🇷 Sicilians · Türkiye
1381
-18
arthur
8:09 Loom
10:40 Feudal Age
14:19 Castle Age
13:48 Fletching
14:23 Double-Bit Axe
15:08 Bodkin Arrow
16:38 Crossbowman
17:45 Horse Collar
20:37 Bow Saw
22:19 Elite Skirmisher
24:45 Heavy Plow
26:30 Wheelbarrow
26:13 Padded Archer Armor
32:14 Imperial Age
30:22 Leather Archer Armor
32:58 Bracer
33:42 Ballistics
34:41 Ring Archer Armor
35:24 Chemistry
35:11 Bloodlines
35:02 Husbandry
35:09 Scale Barding Armor
36:09 Two-Man Saw
36:42 Chain Barding Armor
37:06 Forging
36:18 Light Cavalry
Juanfreelance
4:48 Loom
6:59 Loom
9:50 Feudal Age
10:25 Horse Collar
10:38 Double-Bit Axe
14:37 Fletching
26:24 Castle Age
25:06 Forging
25:02 Scale Barding Armor
25:45 Gold Mining
26:13 Bloodlines
27:50 Iron Casting
28:11 Husbandry
34:07 Wheelbarrow
35:53 Hand Cart
35:55 Crossbowman
BlueSh
7:55 Loom
10:12 Feudal Age
10:48 Double-Bit Axe
10:45 Horse Collar
11:53 Wheelbarrow
18:25 Fletching
29:56 Castle Age
28:26 Scale Mail Armor
31:27 Forging
32:08 Pikeman
33:37 Squires
33:54 Chain Mail Armor
34:46 Gold Mining
Kırmızı Balık
11:28 Feudal Age
16:12 Castle Age
21:37 Imperial Age
19:21 Double-Bit Axe
20:27 Horse Collar
22:02 Wheelbarrow
21:47 Padded Archer Armor
26:15 Gold Mining
33:00 Ballistics
36:44 Scale Barding Armor
36:49 Forging
36:58 Bow Saw
Connection lost

Rejoining the realm…

Still unreachable

The connection could not be restored.

Session expired

The server has moved on; the page needs a fresh start.